 Dungeon Crawl Stone Soup version 0.31-a0-210-gccc998df9b (webtiles) character file.

Game seed: 14035263879954590734

774 kae the Changer (level 7, -1/85 HPs)
             Began as a Demonspawn Transmuter on June 30, 2023.
             Slain by an ogre
             ... wielding a +0 giant spiked club
              (18 damage)
             ... on level 4 of the Dungeon.
             The game lasted 00:03:13 (2799 turns).

kae the Changer (Demonspawn Transmuter)             Turns: 2799, Time: 00:03:14

Health: -1/85      AC: 23    Str: 10    XL:     7   Next: 53%
Magic:  11/11      EV:  2    Int: 17    God:
Gold:   209        SH:  0    Dex: 13    Spells: 2/12 levels left

rFire   . .          .
                       - Unarmed
rCold   . . .        (no shield)
rNeg    . . .        a - melded +0 robe
rPois   +            (helmet currently unavailable)
rElec   .            (cloak currently unavailable)
rCorr   .            (gloves currently unavailable)
SInv    .            (boots currently unavailable)
Will    .....        (no amulet)
Stlth   +            (no ring)
HPRegen 0.34/turn    (no ring)
MPRegen 0.12/turn

%: no passive effects
@: tree-form
A: stationary, stasis, torment immunity, boosted hp, (claws 1), rugged brown
scales 1, foul stench 1
a: no special abilities


You were on level 4 of the Dungeon.
You were a tree.
You visited 1 branch of the dungeon, and saw 6 of its levels.

You collected 209 gold pieces.


Innate Abilities, Weirdness & Mutations

You are a tree.
Your roots penetrate the ground, keeping you stationary.
You cannot be teleported.
You are immune to unholy pain and torment.
Your maximum health is greatly increased.
Your equipment is partially melded.
((You have sharp fingernails.))
(You are partially covered in rugged brown scales. (AC +1, +3% HP))
You may rarely emit foul miasma when damaged in melee.


   Skills:
 - Level 5.1 Fighting
 - Level 1.7 Dodging
 + Level 6.0 Unarmed Combat
 + Level 3.1 Spellcasting
 * Level 7.9 Transmutations
 * Level 1.8 Ice Magic
 - Level 2.0 Poison Magic


You had 2 spell levels left.
You knew the following spells:

 Your Spells              Type           Power      Damage    Failure   Level
a - Beastly Appendage     Tmut           58%        N/A       1%          1
b - Wereblood             Tmut           29%        N/A       1%          2
c - Spider Form           Tmut/Pois      19%        N/A       7%          3
d - Ice Form              Ice/Tmut       19%        N/A       22%         4

Your spell library contained the following spells:

 Spells                   Type           Power      Damage    Failure   Level
 Summon Guardian Golem    Hex/Summ       2%         N/A       45%         3
 Orb of Destruction       Conj           1%         9d5       100%        7
 Spellforged Servitor     Conj/Summ      1%         N/A       100%        7

Inventory:

Missiles
 e - 36 stones
 n - a silver boomerang
Armour
 a - a +0 robe (melded)
Scrolls
 c - a scroll of fear {unknown}
 d - a scroll of butterflies {unknown}
 f - 4 scrolls of identify {unknown}
 g - 4 scrolls of teleportation {unknown}
 h - a scroll of immolation {unknown}
 i - a scroll of revelation {unknown}
 j - a scroll of vulnerability {unknown}
 k - a scroll of enchant armour {unknown}
 m - a scroll of noise {unknown}
 o - a scroll of poison {unknown}
 p - a scroll of fog {unknown}
Potions
 l - a potion of enlightenment

Dungeon Overview and Level Annotations

Branches:
Dungeon (6/15) Zot: 26990
 Temple: D:4-7

Altars:
Yredelemnul

Annotations:
D:5 Eustachio

#+# #♣#
+######O####
....$..hh.>####+#
.##.....#........#
#..#####........#
... #........# ..
#........+ .
#........#
##########


You could see an ogre and 2 jackals.


Message History

A hound comes into view. 😎 HP[+11] MP[+2]
Your hp is fully restored (57).
Your mp is fully restored (11).
Unknown command.
A hound is nearby!
Unknown command.
A hound is nearby!
Casting: Wereblood (safe; 1% risk of failure)
Confirm with . or Enter, or press ? or * to list all spells.
Your blood is infused with primal strength. 😎 MP[-2]
You lost 2 mp, and now have 9/11 mp.
Casting: Wereblood (safe; 1% risk of failure)
Confirm with . or Enter, or press ? or * to list all spells.
You turn into a venomous arachnid creature.
Your +0 robe melds into your body.
The hound barks! 😎 MP[-3]
You lost 3 mp, and now have 6/11 mp.
You hit the hound but do no damage. The hound bites you. 😕 HP[-1]
You take 1 damage, and now have 56/57 hp.
A hound is nearby!
You barely miss the hound. The hound bites you. x2
You hit the hound.
The hound is poisoned.
The hound closely misses you. 😕 HP[-7] MP[+1]
You take 7 damage, and now have 49/57 hp.
A hound is nearby!
A hound is nearby!
You hit the hound.
The hound looks as sick as possible!
The hound bites you.
You hit the hound.
You feel a bit better.
You kill the hound! 😕 HP[+1]
You hiss as the wereblood boils in your veins!
Your primal bloodlust is almost over.
You hiss as the wereblood boils in your veins!
Your primal bloodlust has ended.
Key pressed, stopping explore.
No target in view!
No target in view! 😕 HP[+6] MP[+2]
You regained 6 hp, and now have 56/57 hp.
You regained 2 mp, and now have 9/11 mp.
Your transformation is almost over.
Found a stone staircase leading up. 😎 HP[+1] MP[+2]
Your hp is fully restored (57).
Your mp is fully restored (11).
Your transformation has ended.
Your +0 robe unmelds from your body.
p - a scroll labelled JYGODIAT OKLAZ No target in view!
No target in view!
You pick up a book of Dangerous Friends and begin reading...
You add the spells Summon Guardian Golem, Orb of Destruction and Spellforged Servitor to your library.
You now have 209 gold pieces (gained 14).
e - 36 stones (gained 3) Eustachio the Magnificent comes into view.
He is wielding a +0 rapier.
Eustachio shouts!
Eustachio mumbles some strange words.
Eustachio blinks!
Eustachio moves out of view.
Unknown command.
There is a stone staircase leading up here.
You climb upwards.
The ogre shouts!
The jackal barks! x2
There is a stone staircase leading down here.
Unknown command.
The endoplasm quivers.
The jackal misses you. The jackal closely misses you.
The ogre attacks as you move away!
The ogre hits you with a +0 giant spiked club!
The jackal bites you but does no damage. 😕 HP[-10]
You take 10 damage, and now have 47/57 hp.
The jackal attacks as you move away! The jackal completely misses you.
The ogre attacks as you move away!
The ogre hits you with a +0 giant spiked club!!
* * * LOW HITPOINT WARNING * * *
You see here a +0 leather armour. 😨 HP[-28]
You take 28 damage, and now have 19/57 hp.
MASSIVE DAMAGE!! (PAUSE) Really quaff
b - a potion of lignification {!q}?
Really quaff the potion of lignification?
You turn into a tree.
Your +0 robe melds into your body.
Your roots penetrate the ground. 😨 HP[+10]
You now have 85 max hp (+28).
You regained 10 hp, and now have 29/85 hp.
You hit the ogre but do no damage. 😨 HP[+1] Unknown command.
You hit the ogre.
The ogre hits you with a +0 giant spiked club!
* * * LOW HITPOINT WARNING * * *
😱 HP[-13]
You take 13 damage, and now have 17/85 hp.
You smack the ogre!
The ogre hits you with a +0 giant spiked club!!
You die...

Skill      XL: |  1  2  3  4  5  6  7 |
---------------+----------------------+-----
Transmutations | 2 7 |  7.9
Unarmed Combat | 3 5 6 |  6.0
Fighting       | 5 |  5.1
Poison Magic   | 1 2 |  2.0
Ice Magic      | 1 |  1.8
Spellcasting   | 3 |  3.1
Dodging        | |  1.7

Action                     |  1- 3 |  4- 6 |  7- 9 || total
---------------------------+-------+-------+-------++-------
  Melee: Unarmed           |    85 |   103 |    42 ||   230
         Kick              |    17 |       |       ||    17
         Headbutt          |     8 |       |       ||     8
         Punch             |       |       |     1 ||     1
   Cast: Beastly Appendage |    16 |     1 |       ||    17
         Wereblood         |     1 |     3 |     3 ||     7
         Spider Form       |       |    18 |     2 ||    20
         Ice Form          |       |     2 |     1 ||     3
    Use: Potion            |     1 |     4 |     1 ||     6
   Stab: Sleeping          |     1 |     1 |       ||     2
 Armour: Robe              |    23 |     2 |     2 ||    27
         Skin              |       |     6 |     7 ||    13
  Dodge: Dodged            |    52 |    73 |    22 ||   147

Levels and vault maps discovered:
D:1:      wander_arrival_chamber, layout_rooms, shapermc_ecumenical_altar_ellora
D:2:      layout_basic, minmay_tromino_v4_c
D:3:      layout_rooms, mainiacjoe_overflow_surrounded_room,
          lemuel_crystal_altar, minmay_joined_circles
D:4:      minmay_opposing_rooms, layout_basic, kennysheep_okawaru_gauntlet,
          nzn_random_ring
D:5:      layout_loops_ring, minmay_temple_entry_sparse_star, uniq_eustachio
D:6:      layout_cave_pools, mainiacjoe_overflow_divided_tiny,
          serial_co_window_serial, co_window_paths_b, co_window_paths_a,
          co_window_corner_a, co_window_paths_b, co_window_paths_b,
          co_window_paths_a, co_window_corner_a, co_window_paths_a,
          co_window_paths_b, co_window_corner_ca, co_window_broadway_a,
          co_window_cross_2, co_window_unsneaky_path_d, co_window_sun,
          co_window_paths_d, glass_columns_b, glass_columns_b,
          uniq_prince_ribbit1

Notes
Turn   | Place    | Note
-------+----------+-------------------------------------------
     0 | D:1      | kae the Demonspawn Transmuter began the quest for the Orb.
     0 | D:1      | Reached XP level 1. HP: 15/15 MP: 3/3
     0 | D:1      | magus.rc [v1.11.3]
    40 | D:1      | Reached skill level 2 in Transmutations
    48 | D:1      | Gained mutation: You are partially covered in rugged brown
                  | scales. (AC +1, +3% HP) [demonic ancestry]
    48 | D:1      | Reached XP level 2. HP: 7/21 MP: 3/5
   163 | D:1      | Found a faded altar of an unknown god.
   647 | D:2      | Learned a level 2 spell: Wereblood
   684 | D:2      | Reached skill level 3 in Unarmed Combat
   687 | D:2      | Gained mutation: You may rarely emit foul miasma when
                  | damaged in melee. [demonic ancestry]
   687 | D:2      | Reached XP level 3. HP: 21/26 MP: 4/6
   691 | D:2      | Learned a level 3 spell: Spider Form
   931 | D:2      | Identified a potion of experience
   931 | D:2      | Reached skill level 5 in Fighting
   931 | D:2      | Reached skill level 5 in Unarmed Combat
   931 | D:2      | Reached skill level 7 in Transmutations
   931 | D:2      | Reached XP level 4. HP: 10/40 MP: 7/7
   931 | D:2      | HP: 10/40 [poisoned by an adder]
  1312 | D:2      | Reached XP level 5. HP: 40/45 MP: 4/8
  1410 | D:3      | Reached skill level 1 in Poison Magic
  1731 | D:3      | Found a basalt altar of Yredelemnul.
  1909 | D:3      | You fall into a shaft and drop 3 floors!
  1946 | D:6      | Reached XP level 6. HP: 46/52 MP: 2/9
  2033 | D:6      | HP: 6/52 [acid (9)]
  2139 | D:6      | Noticed a water moccasin
  2179 | D:6      | Learned a level 4 spell: Ice Form
  2349 | D:6      | Reached skill level 2 in Poison Magic
  2432 | D:6      | Killed a water moccasin
  2433 | D:6      | Reached skill level 1 in Ice Magic
  2475 | D:6      | Gained mutation: You have sharp fingernails. [demonic
                  | ancestry]
  2475 | D:6      | Reached XP level 7. HP: 44/57 MP: 11/11
  2492 | D:5      | Entered Level 5 of the Dungeon
  2502 | D:5      | Reached skill level 6 in Unarmed Combat
  2502 | D:5      | Reached skill level 3 in Spellcasting
  2755 | D:5      | You pick up a book of Dangerous Friends and begin
                  | reading...
  2755 | D:5      | You add the spells Summon Guardian Golem, Orb of
                  | Destruction and Spellforged Servitor to your library.
  2782 | D:5      | Noticed Eustachio
  2798 | D:4      | HP: 17/85 [ogre/+0 giant spiked club (13)]
  2799 | D:4      | Slain by an ogre

Vanquished Creatures
  A water moccasin (D:6)
  An ice beast (D:5)
  A phantom (D:6)
  A scorpion (D:6)
  2 jellies (D:6)
  A hound (D:5)
  A sleepcap (D:6)
  An iguana (D:6)
  2 orc wizards
  6 adders
  3 gnolls (D:5)
  A shadow imp (D:5)
  2 worms (D:2)
  A dart slug (D:3)
  13 orcs
  8 endoplasms
  3 giant cockroaches
  3 hobgoblins
  4 jackals
  10 kobolds
  2 quokkas
  10 ball pythons
  4 bats
  5 frilled lizards
  4 goblins
  9 rats
99 creatures vanquished.

Table legend:
 A = Non-vault XP
 B = Vault XP
 C = Vault XP percentage of total XP
 D = Non-vault monster count
 E = Vault monster count
 F = Vault count percentage of total count
                 A         B        C        D         E       F
            +---------+---------+-------+---------+---------+-------
      Total |    1004 |      15 |   1.5 |      97 |       2 |   2.0
            +---------+---------+-------+---------+---------+-------
        D:1 |      27 |       0 |   0.0 |      19 |       0 |   0.0
        D:2 |      76 |      15 |  16.5 |      27 |       2 |   6.9
        D:3 |      98 |       0 |   0.0 |      27 |       0 |   0.0
        D:5 |     248 |       0 |   0.0 |      11 |       0 |   0.0
        D:6 |     555 |       0 |   0.0 |      13 |       0 |   0.0
            +---------+---------+-------+---------+---------+-------

Skill      XL: |  1  2  3  4  5  6  7 |
---------------+----------------------+-----
Transmutations | 2 7 |  7.9
Unarmed Combat | 3 5 6 |  6.0
Fighting       | 5 |  5.1
Poison Magic   | 1 2 |  2.0
Ice Magic      | 1 |  1.8
Spellcasting   | 3 |  3.1
Dodging        | |  1.7

Action                     |  1- 3 |  4- 6 |  7- 9 || total
---------------------------+-------+-------+-------++-------
  Melee: Unarmed           |    85 |   103 |    42 ||   230
         Kick              |    17 |       |       ||    17
         Headbutt          |     8 |       |       ||     8
         Punch             |       |       |     1 ||     1
   Cast: Beastly Appendage |    16 |     1 |       ||    17
         Wereblood         |     1 |     3 |     3 ||     7
         Spider Form       |       |    18 |     2 ||    20
         Ice Form          |       |     2 |     1 ||     3
    Use: Potion            |     1 |     4 |     1 ||     6
   Stab: Sleeping          |     1 |     1 |       ||     2
 Armour: Robe              |    23 |     2 |     2 ||    27
         Skin              |       |     6 |     7 ||    13
  Dodge: Dodged            |    52 |    73 |    22 ||   147

Illustrated notes

Table legend:
 A = Kills in this place as a percentage of kills in the entire game.
 B = Kills by you in this place as a percentage of kills by you in the entire game.
 C = Kills by friends in this place as a percentage of kills by friends in the entire game.
 D = Other kills in this place as a percentage of other kills in the entire game.
 E = Experience gained in this place as a percentage of experience gained in the entire game.
 F = Experience gained in this place divided by the number of levels of this place that you have seen.
                   A       B       C       D       E      F
               +-------+-------+-------+-------+-------+----------------------
         Total | 100.0 | 100.0 |   N/A |   N/A | 100.0 | 169.8
       Dungeon | 100.0 | 100.0 |   N/A |   N/A | 100.0 | 169.8
               +-------+-------+-------+-------+-------+----------------------

Table legend: (Time is in decaauts)
 A = Elapsed time spent in this place.
 B = Non-inter-level travel time spent in this place.
 C = Inter-level travel time spent in this place.
 D = Time resting spent in this place.
 E = Time spent auto-exploring this place.
 F = Levels seen in this place.
 G = Mean time per level.
                   A        B        C        D        E       F      G
               +--------+--------+--------+--------+--------+-----+--------+
         Total |   2777 |   2741 |     36 |     22 |   2097 |   6 |  462.8 |
       Dungeon |   2777 |   2741 |     36 |     22 |   2097 |   6 |  462.8 |
               +--------+--------+--------+--------+--------+-----+--------+

Top non-repeatable levels by time:
     D:2: 725 daAuts
     D:1: 640 daAuts
     D:6: 578 daAuts
     D:3: 531 daAuts
     D:5: 293 daAuts
     D:4: 8 daAuts
